 Dungeon Crawl Stone Soup version 0.21-a0-153-g78480df (webtiles) character file.

113 4thArraOfDagon the Chiller (level 4, 17/32 HPs)
             Began as a Gnoll Wanderer on Aug 1, 2017.
             Quit the game on level 7 of the Dungeon.
             The game lasted 00:06:20 (1479 turns).

4thArraOfDagon the Chiller (Gnoll Wanderer)         Turns: 1479, Time: 00:06:21

Health: 17/32      AC:  7    Str:  7    XL:     4   Next: 96%
Magic:  1/6        EV:  9    Int:  7    God:
Gold:   70         SH:  6    Dex:  7    Spells: 5/6 levels left

rFire    + . .     SeeInvis .   e - +0 club
rCold    . . .     Gourm    .   (no shield)
rNeg     . . .     Faith    .   j - +0 ring mail
rPois    .         Spirit   .   (no helmet)
rElec    .         Reflect  +   i - +0 cloak
rCorr    .         Harm     .   (no gloves)
MR       .....                  (no boots)
Stlth    +.........             p - +6 amulet of reflection
HPRegen  0.10/turn              h - ring of protection from fire
MPRegen  0.10/turn              (no ring)

@: mildly poisoned (17 -> 11), vulnerable
A: unchanging attributes, fangs 1, strong nose
a: no special abilities


You were on level 7 of the Dungeon.
You were not hungry.

You visited 1 branch of the dungeon, and saw 7 of its levels.

You collected 70 gold pieces.

Inventory:

Hand Weapons
 e - a +0 club (weapon)
Armour
 d - a +0 robe
 i - a +0 cloak (worn)
 j - a +0 ring mail (worn)
 m - a +0 helmet
Jewellery
 h - a ring of protection from fire (left hand)
 p - a +6 amulet of reflection (around neck)
Scrolls
 k - a scroll of recharging
 l - a scroll of remove curse
Books
 a - a book of Frost

   Spells                             Type                      Level
   a - Freeze                         Ice                          1
   b - Throw Frost                    Conjuration/Ice              2
   c - Ozocubu's Armour               Charms/Ice                   3
   d - Throw Icicle                   Conjuration/Ice              4
   e - Summon Ice Beast               Ice/Summoning                4
 b - Uhul's Volume of Black Rituals

   Spells                             Type                      Level
   a - Corpse Rot                     Necromancy                   2
   b - Sublimation of Blood           Necromancy                   2
Comestibles
 f - 4 bread rations
 r - a meat ration


   Skills:
 - Level 1.5 Fighting
 - Level 5.3 Armour
 - Level 1.2 Stealth
 - Level 1.5 Spellcasting
 * Level 5.9 Ice Magic
   Level 1.3 Earth Magic
   Level 1.3 Evocations


You had 5 spell levels left.
You knew the following spells:

 Your Spells              Type           Power        Failure   Level  Hunger
a - Freeze                Ice            #...         11%         1    ##.....


Dungeon Overview and Level Annotations

Branches:
Dungeon (7/15)
 Temple: D:4-7

Altars:
Zin

Portals:
Ossuary: D:7

Annotations:
D:4 Eustachio
D:5 Grinder, Sigmund


Innate Abilities, Weirdness & Mutations

Your physical attributes are unchanging.
You have very sharp teeth.
Your uncanny sense of smell can sniff out nearby items.


Message History

You block the bullfrog's attack.
Your magical contamination has completely faded away.
The bullfrog hits you.
The worker ant waves its antennae.
The worker ant barely misses you.
Casting: Freeze
Confirm with . or Enter, or press ? or * to list all spells.
Aiming: Freeze
Press: ? - help, Shift-Dir - straight line, f - worker ant, p - bullfrog
Aim: a worker ant (susceptible to hostile enchantments)
You freeze the worker ant.
The worker ant is lightly wounded.
The worker ant bites you.
You are poisoned.
The worker ant poisons you!
You feel sick.
You feel sick.
You hear the slow hiss of a distant avalanche of sand.
You feel sick.
Are you sure you want to abandon this character and quit the game? (Confirm with "yes".)

#.......##..## ..
#........a..# ##
#.....#.##..# ##
###.....#.###... .#
####
........#....?..
.##....
..............##
.......
..........###..
....... ..........#
#.###...#
..........###ooa@..#
.........ooS.#####.#
............F# #
...........o.....
...######.....###
...# ####.... ...#
#..... ...# #......
...# ##.##..


You could see a worker ant, 4 orcs and a ball python.

Vanquished Creatures
  A howler monkey (D:5)
  A worker ant (D:4)
  An adder (D:4)
  A gnoll (D:2)
  A dart slug (D:3)
  A leopard gecko (D:1)
  3 orcs
  3 giant cockroaches (D:2)
  3 goblins (D:1)
  2 hobgoblins
  3 jackals
  2 kobolds
  A quokka (D:5)
  2 bats (D:3)
  2 frilled lizards
27 creatures vanquished.

Notes
Turn   | Place    | Note
-------+----------+-------------------------------------------
     0 | D:1      | 4thArraOfDagon the Gnoll Wanderer began the quest for the Orb.
     0 | D:1      | 4thArraOfDagon set off with: a book of Frost, Uhul's Volume of Black Rituals, a scroll of teleportation, a +0 robe, a +0 club, a bread ration
     0 | D:1      | Reached XP level 1. HP: 15/15 MP: 3/3
    29 | D:1      | Identified Uhul's Volume of Black Rituals
    36 | D:1      | Learned a level 1 spell: Freeze
   124 | D:1      | Reached XP level 2. HP: 14/21 MP: 1/4
   357 | D:2      | Reached XP level 3. HP: 25/26 MP: 0/5
   527 | D:3      | Found a glowing silver altar of Zin.
   669 | D:4      | Noticed Eustachio
   776 | D:4      | Reached XP level 4. HP: 16/32 MP: 0/6
   846 | D:4      | Reached skill level 5 in Ice Magic
  1045 | D:5      | Entered Level 5 of the Dungeon
  1075 | D:5      | Noticed Sigmund
  1205 | D:5      | Noticed Grinder
  1314 | D:5      | Noticed an ogre
  1329 | D:6      | Noticed an orc warrior
  1366 | D:6      | Noticed a necrophage
  1428 | D:7      | Noticed a bullfrog
  1437 | D:7      | Found a sand-covered staircase.
  1479 | D:7      | Quit the game

Vault maps used:
D:1:      onia_arrival_pyramid
D:2:      first_bread, st_stairs_7, cheibrodos_gnoll_hut, uniq_terence
D:3:      zin_academy, cheibriados_altar_1
D:4:      fedhas_altar_4, serial_corexii_hall, corexii_hall_statues_t,
          corexii_hall_statues_x, hex_intersection, kennysheep_generic_room_2,
          uniq_eustachio, uniq_menkaure
D:5:      minmay_temple_entry_from_below_a, serial_shops, shop, uniq_sigmund,
          uniq_grinder
D:6:      basic_altar
D:7:      enter_ossuary_1, hangedman_abyss_or_decor_stabs, uniq_duvessa

Skill      XL: |  1  2  3  4 |
---------------+-------------+-----
Ice Magic      | 2 3 4 5 |  5.9
Fighting       | |  1.5
Armour         | |  5.3
Stealth        | |  1.2
Spellcasting   | |  1.5
Earth Magic    | |  1.3
Evocations     | |  1.3

Action                   |  1- 3 |  4- 6 || total
-------------------------+-------+-------++-------
Melee: Club              |    65 |     2 ||    67
       Bite              |     1 |       ||     1
 Cast: Freeze            |    40 |    28 ||    68
  Use: Potion            |     2 |       ||     2
       Scroll            |     1 |     8 ||     9
  Eat: Royal jelly       |       |     3 ||     3
Armor: Robe              |     2 |       ||     2
       Ring mail         |    52 |    29 ||    81
Dodge: Dodged            |    75 |    27 ||   102
Block: Other             |    19 |    17 ||    36
       Reflection        |     1 |       ||     1
